 Dungeon Crawl Stone Soup version 0.26-b1-32-g5d43845318 (webtiles) character file.

Game seed: 9102049755651764848

60 dohliylev the Sneak (level 3, -1/20 HPs)
             Began as a Vampire Enchanter on Jan 9, 2021.
             Slain by a bullfrog zombie (5 damage)
             ... on level 2 of the Dungeon.
             The game lasted 00:06:42 (2339 turns).

dohliylev the Sneak (Vampire Enchanter)             Turns: 2339, Time: 00:06:43

Health: -1/20      AC:  2    Str:  7    XL:     3   Next: 80%
Magic:  1/6        EV: 13    Int: 18    God:
Gold:   86         SH:  0    Dex: 14    Spells: 0/6 levels left

rFire    . . .     SeeInvis +   a - +1 dagger
rCold    + + .     Faith    .   (no shield)
rNeg     + + +     Spirit   .   b - +0 robe
rPois    ∞         Reflect  .   (no helmet)
rElec    .         Harm     .   (no cloak)
rCorr    .         Rampage  .   (no gloves)
Will     .....                  (no boots)
Stlth    +++++.....             (no amulet)
HPRegen  0.00/turn              (no ring)
MPRegen  0.10/turn              (no ring)

@: bloodless
A: fangs 3, see invisible, unbreathing
a: Bat Form, Revivify


You were on level 2 of the Dungeon.
You visited 1 branch of the dungeon, and saw 2 of its levels.

You collected 86 gold pieces.

Inventory:

Hand Weapons
 a - a +1 dagger (weapon)
Armour
 b - a +0 robe (worn)
Jewellery
 i - a +4 ring of protection {unknown}
 j - a cursed amulet of inaccuracy {unknown}
Scrolls
 c - a scroll of immolation {unknown}
 d - 2 scrolls of blinking {unknown}
 e - 2 scrolls of identify {unknown}
 g - a scroll of enchant weapon {unknown}
Potions
 f - 2 potions of curing {unknown}
 h - 2 potions of attraction {unknown}


   Skills:
 + Level 1.0 Fighting
 - Level 1.1 Short Blades
 + Level 2.5 Dodging
 + Level 5.7 Stealth
 - Level 2.0 Spellcasting
 + Level 5.5 Hexes


You couldn't memorise any spells.
You knew the following spells:

 Your Spells              Type           Power        Failure   Level
a - Corona                Hex            23%          1%          1
b - Ensorcelled Hibernat  Hex/Ice        22%          9%          2
c - Confusing Touch       Hex            21%          5%          3

Your spell library contained the following spells:

 Spells                   Type           Power        Failure   Level
 Tukima's Dance           Hex            21%          5%          3
 Dazzling Flash           Conj/Hex       22%          17%         3


Dungeon Overview and Level Annotations

Branches:
Dungeon (2/15)

Altars:


Innate Abilities, Weirdness & Mutations

You do not regenerate when monsters are visible.
You are frail without blood (-20% HP).
You can heal yourself when you bite living creatures.
You are immune to poison.
You have razor-sharp teeth.
You have supernaturally acute eyesight. (SInv)
You can survive without breathing.


Message History

The bullfrog zombie hits you!
Casting: Confusing Touch (quite dangerous; 5% risk of failure)
Confirm with . or Enter, or press ? or * to list all spells.
The spell is quite dangerous to cast (5% risk of failure)!
Continue anyway? [Y]es or [N]o only, please.
The spell is quite dangerous to cast (5% risk of failure)!
Continue anyway?
Your hands begin to glow red.
The bullfrog zombie hits you.
* * * LOW HITPOINT WARNING * * *
You hit the bullfrog zombie but do no damage.
The bullfrog zombie barely misses you. The bullfrog zombie hits you.
* * * LOW HITPOINT WARNING * * *
Your magical contamination has completely faded away.
The bullfrog zombie closely misses you. The bullfrog zombie barely misses you.
Your hands stop glowing.
The bullfrog zombie closely misses you.
Okay, then.
The bullfrog zombie hits you.
You die...

##...####.........#
##...## #.........#
##....#
#.........########
##....#
#...####.........#
##....# ##### #.........#
##....# #.........#
##[...#
#.........########
.#....#
##.................
.#.####
#.@...^....######## .#.#
#.Z.....<........# .#>#
#..)##.#..######.# .#.#
#...##.#..# #.# ...#
#...##.#..# #.## #..#
#...##.#..# #... #..#
#.Z.##.#..# ####
.†.#############.###.#..#
..>..........# #.# #.#..#


You could see a leopard gecko zombie and a bullfrog zombie.

Vanquished Creatures
  An adder (D:2)
  5 dart slugs
  A ball python (D:2)
  4 bats
  3 giant cockroaches
  4 goblins
  6 hobgoblins
  2 jackals (D:2)
  3 kobolds
  A quokka (D:2)
  3 frilled lizards
  3 rats
36 creatures vanquished.

Notes
Turn   | Place    | Note
-------+----------+-------------------------------------------
     0 | D:1      | dohliylev the Vampire Enchanter began the quest for the
                  | Orb.
     0 | D:1      | Reached XP level 1. HP: 13/13 MP: 3/3
   256 | D:1      | Reached XP level 2. HP: 15/15 MP: 5/5
   258 | D:1      | Reached skill level 5 in Hexes
   271 | D:1      | Learned a level 2 spell: Ensorcelled Hibernation
   715 | D:1      | Reached XP level 3. HP: 20/20 MP: 6/6
   719 | D:1      | Learned a level 3 spell: Confusing Touch
  1260 | D:2      | Reached skill level 5 in Stealth
  2048 | D:2      | Reached skill level 1 in Fighting
  2339 | D:2      | Slain by a bullfrog zombie

Illustrated notes

Levels and vault maps discovered:
D:1:      dpeg_arrival_simpleton_a, layout_basic, serial_aquarium,
          aquarium_bridge_square [aquarium_subvault_bridge,
          aquarium_subvault_bridge, aquarium_subvault_bridge,
          aquarium_subvault_balcony], aquarium_bridge_square
          [aquarium_subvault_balcony, aquarium_subvault_window,
          aquarium_subvault_window, aquarium_subvault_bridge],
          aquarium_window_3, aquarium_window_fake, aquarium_window_2,
          aquarium_view_2b, aquarium_view_2b, aquarium_balcony_1b,
          aquarium_pool_split
D:2:      layout_basic

Skill      XL: |  1  2  3 |
---------------+----------+-----
Hexes          | 5 |  5.5
Stealth        | 5 |  5.7
Fighting       | 1 |  1.0
Short Blades   | |  1.1
Dodging        | |  2.5
Spellcasting   | |  2.0

Action                   || total
-------------------------++-------
Melee: Dagger            ||    75
       Bite              ||     4
 Cast: Corona            ||     5
       Ensorcelled Hiber ||    23
       Confusing Touch   ||     1
 Abil: Exsanguinate      ||     1
 Stab: Sleeping          ||    27
Armor: Robe              ||     6
Dodge: Dodged            ||    37
